AoeStats
← Tt5

Arabia

509990997Analyzed
1v1 RM · 2d ago on Sep 28, 2026· 50m 11s· 2 players
Game mode
Random Map
Map size
Tiny (2 player)
Population
200
Speed
Normal
Resources
Standard
Victory
Conquest
Starting age
Dark Age
Ending age
Imperial Age
RankedLock teamsTeams togetherTeam positionsShared explorationLock speedFull tech treeHidden civsTurbo modeCheats
Victory
Defeat
🇨🇴 Bulgarians · Colombia
503
+17
🇨🇦 Bohemians · Canada
523
-17
soystaxy
9:32 Loom
11:45 Feudal Age
13:40 Double-Bit Axe
13:47 Arson
15:06 Horse Collar
20:31 Gold Mining
24:00 Castle Age
22:35 Stone Mining
23:16 Forging
23:43 Scale Mail Armor
25:25 Wheelbarrow
25:36 Bow Saw
26:39 Heavy Plow
28:28 Scale Barding Armor
28:59 Iron Casting
28:41 Chain Mail Armor
28:37 Squires
30:48 Gold Shaft Mining
32:17 Bloodlines
32:08 Husbandry
32:35 Chain Barding Armor
32:17 Padded Archer Armor
32:08 Fletching
33:29 Hand Cart
32:57 Elite Skirmisher
34:50 Gambesons
35:58 Devotion
36:58 Pikeman
38:33 Thumb Ring
39:48 Stone Shaft Mining
44:47 Imperial Age
44:04 Leather Archer Armor
44:59 Bodkin Arrow
46:21 Crop Rotation
45:27 Onager
46:01 Town Watch
46:21 Capped Ram
47:09 Town Patrol
49:22 Bagains
Tt5
0:50 Loom
11:32 Feudal Age
16:44 Man-at-Arms
17:59 Fletching
23:31 Castle Age
25:16 Bodkin Arrow
26:30 Chemistry
26:52 Murder Holes
32:39 Squires
35:49 Padded Archer Armor
36:51 Leather Archer Armor
36:49 Pikeman
44:36 Imperial Age
43:58 Ballistics
45:42 Conscription
45:57 Wagenburg Tactics
46:14 Conscription
46:32 Forging
47:30 Bracer
49:26 Masonry
49:23 Scale Mail Armor
Connection lost

Rejoining the realm…

Still unreachable

The connection could not be restored.

Session expired

The server has moved on; the page needs a fresh start.